 Dungeon Crawl Stone Soup version 0.21.0-22-g11d5b52 (webtiles) character file.

1967 asishallab the Cleaver (level 9, -2/64 HPs)
             Began as a Formicid Fighter on Jan 18, 2018.
             Was a Follower of Fedhas.
             Slain by an orc warrior
             ... wielding a cursed -2 trident
              (11 damage)
             ... on level 7 of the Dungeon.
             The game lasted 00:22:33 (6554 turns).

asishallab the Cleaver (Formicid Fighter)           Turns: 6554, Time: 00:22:34

Health: -2/64      AC: 12    Str: 20    XL:     9   Next: 43%
Magic:  13/13      EV:  7    Int:  9    God:    Fedhas [*.....]
Gold:   308        SH: 14    Dex: 13    Spells: 8/8 levels left

rFire    + . .     SeeInvis +   a - +1 war axe
rCold    . . .     Gourm    .   c - +0 shield
rNeg     . . .     Faith    .   o - +0 chain mail
rPois    +         Spirit   .   (helmet unavailable)
rElec    .         Reflect  +   (no cloak)
rCorr    .         Harm     .   k - +1 pair of gloves
MR       .....                  z - +0 pair of boots
Stlth    ..........             A - +3 amulet of reflection
HPRegen  0.20/turn              j - ring of poison resistance
MPRegen  0.13/turn              q - ring of protection from fire

@: drained
A: permanent stasis, dig shafts and tunnels, four strong arms, antennae 3
a: Dig, Shaft Self, Fungal Bloom, Evolution, Renounce Religion


You were on level 7 of the Dungeon.
You worshipped Fedhas.
Fedhas was aware of your devotion.
You were not hungry.

You visited 1 branch of the dungeon, and saw 8 of its levels.

You collected 308 gold pieces.

Inventory:

Hand Weapons
 a - a +1 war axe (weapon)
 b - a +0 hunting sling
Missiles
 p - 223 stones (quivered)
Armour
 c - a +0 shield (worn)
 k - a +1 pair of gloves (worn)
 n - a +0 scale mail
 o - a +0 chain mail (worn)
 z - a +0 pair of boots (worn)
Jewellery
 j - a ring of poison resistance (left hand)
 m - an uncursed ring of see invisible
 q - a ring of protection from fire (right hand)
 w - an uncursed ring of magical power
 A - a +3 amulet of reflection (around neck)
Wands
 e - a wand of iceblast (7)
 s - a wand of digging (20)
 y - a wand of flame (26)
 I - a wand of polymorph (3)
Scrolls
 d - 5 scrolls of teleportation
 g - 3 scrolls of remove curse
 h - a scroll of immolation {unknown}
 u - 5 scrolls of identify
 x - a scroll of enchant armour
 F - a scroll of enchant weapon
Potions
 D - a potion of brilliance {unknown}
 E - a potion of lignification {unknown}
 J - a potion of heal wounds {unknown}
Books
 B - a book of Callings

   Spells                             Type                      Level
   a - Summon Small Mammal            Summoning                    1
   b - Call Imp                       Summoning                    2
   c - Call Canine Familiar           Summoning                    3
   d - Summon Guardian Golem          Hexes/Summoning              3
   e - Summon Lightning Spire         Summoning/Air                4
   f - Summon Ice Beast               Ice/Summoning                4
Comestibles
 f - 5 rations


   Skills:
 - Level 3.2(3.1) Fighting
 * Level 8.7(8.6) Axes
 - Level 3.2(3.1) Armour
 + Level 8.0(7.9) Shields
 + Level 6.4(6.2) Invocations


You had 8 spell levels left.
You didn't know any spells.

Dungeon Overview and Level Annotations

Branches:
Dungeon (8/15)             Temple (0/1) D:5
   Lair: D:8-11

Altars:
Cheibriados
Dithmenos
Fedhas
Kikubaaqudgha
Nemelex Xobeh
Okawaru

Shops:
D:5 [


Innate Abilities, Weirdness & Mutations

You cannot be hasted, slowed, berserked, paralysed or teleported.
You can dig through walls and to a lower floor.
Your four strong arms can wield two-handed weapons with a shield.
You have a pair of large antennae on your head. (SInv)


Message History

You bump into the rock wall.
The orc warrior hits you with an enchanted trident.
* * * LOW HITPOINT WARNING * * *
You're too confused to move!
The orc warrior hits you but does no damage.
The orc warrior hits you from afar with an enchanted trident.
* * * LOW HITPOINT WARNING * * *
You feel less invigorated.
You feel less confused.
You closely miss the orc warrior.
The orc warrior is heavily wounded.
The orc warrior hits you but does no damage.
The orc priest mumbles some strange prayers to Beogh against you.
Beogh smites you!
* * * LOW HITPOINT WARNING * * *
You barely miss the orc warrior.
The orc warrior is heavily wounded.
The orc warrior hits you with an enchanted trident!
You die...
Fedhas appreciates your contribution to the ecosystem.

##...## ##
##.....## # ..
#.......# #. ##.##
#.......# (.(
....###.......#
..<..............##
...o..#..........##
..(...##.##.......#
...(..(.oo@.......#
....(...o##.......#
......######.....##
...... ##.>.##
..... ##### .#...
#... .... {


You could see an orc warrior, an orc priest and an orc.

Vanquished Creatures
  An ice beast (D:7)
  2 ogres (D:4)
  2 centaurs (D:5)
  A big kobold (D:4)
  A bullfrog (D:6)
  3 scorpions
  5 wights (D:6)
  3 crimson imps (D:5)
  A centaur zombie (D:8)
  A centaur skeleton (D:6)
  2 jellies
  3 orc priests (D:5)
  4 hounds
  2 orc wizards
  2 iguanas
  2 worker ants (D:8)
  A hound zombie (D:5)
  A worker ant zombie (D:5)
  A howler monkey skeleton (D:5)
  12 adders
  10 gnolls
  A shadow imp (D:6)
  2 oozes (D:1)
  4 worms (D:2)
  4 dart slugs
  A leopard gecko (D:3)
  10 orcs
  2 ball pythons
  A giant cockroach (D:4)
  4 goblins
  9 hobgoblins
  3 jackals
  2 quokkas
  12 bats
  2 frilled lizards (D:1)
  4 kobolds
  A leopard gecko skeleton (D:4)
  3 rats (D:1)
125 creatures vanquished.

Vanquished Creatures (collateral kills)
  2 hounds (D:5)
  A gnoll (D:5)
3 creatures vanquished.

Vanquished Creatures (others)
  A centaur (D:6)
  An adder (D:6)
  15 toadstools
17 creatures vanquished.

Grand Total: 145 creatures vanquished

Notes
Turn   | Place    | Note
-------+----------+-------------------------------------------
     0 | D:1      | asishallab the Formicid Fighter began the quest for the Orb.
     0 | D:1      | Reached XP level 1. HP: 18/18 MP: 1/1
    83 | D:1      | Reached XP level 2. HP: 20/24 MP: 2/2
   369 | D:1      | Reached XP level 3. HP: 29/29 MP: 3/3
   923 | D:2      | Reached XP level 4. HP: 35/35 MP: 4/4
  1039 | D:2      | Found a faded altar of an unknown god.
  1106 | D:2      | Became a worshipper of Fedhas Madash
  1106 | D:2      | Reached * piety under Fedhas
  1307 | D:3      | Reached skill level 1 in Invocations
  1307 | D:3      | Reached XP level 5. HP: 21/41 MP: 5/5
  1727 | D:3      | Found a snail-covered altar of Cheibriados.
  1974 | D:3      | Reached skill level 5 in Shields
  2264 | D:4      | Noticed a big kobold
  2277 | D:4      | Killed a big kobold
  2277 | D:4      | Reached XP level 6. HP: 47/47 MP: 7/7
  2372 | D:4      | Noticed an ogre
  2392 | D:4      | Killed an ogre
  2392 | D:4      | Reached skill level 5 in Axes
  2673 | D:4      | Reached XP level 7. HP: 49/52 MP: 9/9
  3021 | D:4      | Found an ancient bone altar of Kikubaaqudgha.
  3091 | D:4      | Found an iron altar of Okawaru.
  3131 | D:5      | Entered Level 5 of the Dungeon
  3203 | D:5      | Found a staircase to the Ecumenical Temple.
  3416 | D:5      | Reached XP level 8. HP: 29/58 MP: 11/11
  3824 | D:5      | Found Jisor's Armour Shop.
  4599 | D:6      | Reached skill level 5 in Invocations
  4861 | D:6      | Found a sparkling altar of Nemelex Xobeh.
  5004 | D:6      | Reached XP level 9. HP: 51/64 MP: 13/13
  5588 | D:6      | You fall through a shaft for 2 floors!
  5588 | D:8      | Found a shadowy altar of Dithmenos.
  5597 | D:8      | HP: 3/64 [worker ant (4)]
  5629 | D:8      | HP: 3/64 [worker ant (6)]
  5629 | D:8      | HP: 1/64 [worker ant (2)]
  6444 | D:8      | Noticed a hippogriff
  6554 | D:7      | Slain by an orc warrior

Skill      XL: |  1  2  3  4  5  6  7  8  9 |
---------------+----------------------------+-----
Shields        | 4 5 6 7 8 |  8.0
Axes           | 3 4 5 6 7 8 |  8.7
Invocations    | 1 2 4 5 6 |  6.4
Fighting       | |  3.2
Armour         | |  3.2

Action                   |  1- 3 |  4- 6 |  7- 9 || total
-------------------------+-------+-------+-------++-------
Melee: War axe           |    72 |   125 |   223 ||   420
 Fire: Hunting sling     |       |    13 |   116 ||   129
Throw: Stone             |     7 |       |       ||     7
Invok: Fungal Bloom      |       |       |     6 ||     6
       Evolution         |       |       |     1 ||     1
 Abil: Dig               |       |       |     6 ||     6
       Shaft Self        |       |       |     1 ||     1
  Use: Potion            |     1 |     1 |     5 ||     7
       Scroll            |       |     6 |     4 ||    10
  Eat: Chunk             |       |     6 |     8 ||    14
       Ration            |       |       |     2 ||     2
Armor: Scale mail        |    41 |    33 |       ||    74
       Chain mail        |       |    19 |   116 ||   135
       Skin              |       |       |     5 ||     5
Dodge: Dodged            |    27 |    28 |    72 ||   127
Block: Shield            |    42 |    83 |   203 ||   328
       Reflection        |       |       |     5 ||     5
